[Event "Early-Titled-Tuesday-Blitz-March-05-2024"]
[Site "Chess.com"]
[Date "2024.03.05"]
[Round "1"]
[White "erugee"]
[Black "AttackSparrow"]
[Result "0-1"]
[WhiteElo "2328"]
[BlackElo "2629"]
[TimeControl "180+1"]
[EndTime "8:05:00 PST"]
[Termination "AttackSparrow won by resignation"]

1. e4 e5 2. Nf3 Nc6 3. Bb5 a6 4. Ba4 Bc5 5. Qe2 Nge7 6. c3 O-O 7. O-O Ng6 8. d3 Kh8 9. Be3 Ba7 10. Bxc6 dxc6 11.
h3 f5 12. exf5 Bxf5 13. d4 c5 14. dxe5 Bd3 15. Qd1 Bxf1 16. Qxf1 Qe7 17. Bg5 Qe6 18. Nbd2 Nxe5 19. Nxe5 Qxe5 20. Be3 b5 21. Nf3 Qh5 22. Nh2 c4 23. Bxa7 Rxa7 24. Rd1 c6 25. Rd4 Raf7 26. Ng4 Qg5 27. f3 Re7 28. Nf2 h6 29. Ne4 Qe3+ 30. Kh2 Rxe4 0-1

[Event "Early-Titled-Tuesday-Blitz-March-05-2024"]
[Site "Chess.com"]
[Date "2024.03.05"]
[Round "1"]
[White "AlexTruskavetsky"]
[Black "margarita_2703"]
[Result "1-0"]
[WhiteElo "2690"]
[BlackElo "2388"]
[TimeControl "180+1"]
[EndTime "8:05:07 PST"]
[Termination "AlexTruskavetsky won by resignation"]

1. d4 d5 2. c4 e6 3. Nc3 Nf6 4.
cxd5 exd5 5. Bg5 Be7 6. e3 h6 7. Bh4 O-O 8. Bd3 Nbd7 9. Nge2 Re8 10. O-O c6 11. Qc2 Ne4 12. Bxe7 Qxe7 13. Rae1 Ndf6 14. a3 Bf5 15. f3 Nxc3 16. Nxc3 Bxd3 17. Qxd3 Rad8 18. b4 a6 19. Na4 Nd7 20. Rf2 b5 21. Nc5 Nxc5 22. bxc5 a5 23. Qc3 Qc7 24. e4 dxe4 25.
fxe4 a4 26. Rd2 Rd7 27. Qf3 Red8 28. Red1 Qa5 29. d5 b4 30. axb4 Qxb4 31. Qe3 a3 32. d6 Ra8 33. Ra2 Ra5 34. Rc1 Rb7 35. e5 Kf8 36. e6 fxe6 37. Qxe6 Qd4+ 38. Rf2+ Qxf2+ 39. Kxf2 Rb2+ 40. Kg3 a2 41. Rf1+ 1-0

[Event "Early-Titled-Tuesday-Blitz-March-05-2024"]
[Site "Chess.com"]
[Date "2024.03.05"]
[Round "1"]
[White "ChessboArt"]
[Black "wadsy27"]
[Result "0-1"]
[WhiteElo "2277"]
[BlackElo "2605"]
[TimeControl "180+1"]
[EndTime "8:05:08 PST"]
[Termination "wadsy27 won by resignation"]

1. Nf3 d5 2. g3 c6 3. Bg2 Nf6 4. b3 Bf5 5. Bb2 e6 6. O-O h6 7. d3 a5 8. a3 Be7 9. Nbd2 O-O 10. Qe1 Bh7 11. e4 Na6 12. Qe2 b5 13. a4 Nb4 14. e5 Nd7 15. Nd4 bxa4 16. Nxc6 Nxc6 17. Rxa4 Nb4 18. Nf3 Nc5 19. Raa1 Rc8 20. Nd4 Nxc2 21. Qxc2 Bxd3 22. Qd1 Bxf1 23. Bxf1 Qb6 24. Bc3 Nxb3 25.
Nxb3 Rxc3 26. Nxa5 Bc5 0-1

[Event "Early-Titled-Tuesday-Blitz-March-05-2024"]
[Site "Chess.com"]
[Date "2024.03.05"]
[Round "1"]
[White "Chessdreamer2020"]
[Black "AdrianaPalao"]
[Result "1-0"]
[WhiteElo "2529"]
[BlackElo "1934"]
[TimeControl "180+1"]
[EndTime "8:05:08 PST"]
[Termination "Chessdreamer2020 won by resignation"]

1. e4 e5 2. Nf3 d6 3. Bc4 Nd7 4.
O-O Be7 5. d4 Ngf6 6. Nc3 O-O 7.
Qe2 c6 8. a4 Qc7 9. Rd1 b6 10.
d5 Bb7 11. dxc6 Bxc6 12. Bb3 Nc5 13. Bd5 Bxd5 14. Nxd5 Nxd5 15. Rxd5 Ne6 16. c3 f5 17. exf5 Rxf5 18. Be3 Raf8 19. Rad1 Qc6 20. Qb5 Qa8 21. Qd7 Nd4 22. Bxd4 Qxd5 23. Qxe7 exd4 24. Rxd4 Qa2 25. Qxd6 Qa1+ 26. Rd1 Qxa4 27. Qe6+ Kh8 28. b3 Qa5 29. b4 Qa3 30. Qxf5 Rg8 31. Ng5 1-0

[Event "Early-Titled-Tuesday-Blitz-March-05-2024"]
[Site "Chess.com"]
[Date "2024.03.05"]
[Round "1"]
[White "bancsoo"]
[Black "NLLO777"]
[Result "0-1"]
[WhiteElo "2926"]
[BlackElo "2517"]
[TimeControl "180+1"]
[EndTime "8:05:09 PST"]
[Termination "NLLO777 won by resignation"]

1. Nf3 Nf6 2. g3 b6 3. Bg2 Bb7 4. O-O g6 5. d4 Bg7 6. c4 O-O 7. d5 c6 8. Nc3 d6 9. Nd4 c5 10. Nc2 a6 11. a4 Bc8 12. e4 Nbd7 13. h3 Qc7 14. Kh2 Re8 15. Be3 Rb8 16. Qd2 e6 17.
dxe6 Rxe6 18. Rae1 Bb7 19. Nd5 Bxd5 20. exd5 Re7 21.
Bf4 Rbe8 22. Rxe7 Rxe7 23. Re1 Ne5 24. Bxe5 Rxe5 25. Rxe5 dxe5 26. d6 Qd7 27. Qd5 Nxd5 0-1

[Event "Early-Titled-Tuesday-Blitz-March-05-2024"]
[Site "Chess.com"]
[Date "2024.03.05"]
[Round "1"]
[White "the_blue_pill"]
[Black "SnekkerAndersen"]
[Result "1-0"]
[WhiteElo "2357"]
[BlackElo "2619"]
[TimeControl "180+1"]
[EndTime "8:05:10 PST"]
[Termination "the_blue_pill won by resignation"]

1. e4 e6 2. d4 d5 3. e5 c5 4. c3 Nc6 5. Nf3 Bd7 6. a3 f6 7. Bd3 Qc7 8. O-O fxe5 9. Nxe5 Nxe5 10. Bf4 Bd6 11. dxe5 Be7 12. Qh5+ Kd8 13. Qf7 Qb6 14. Qxg7 Qxb2 15. Qxh8 Kc7 16. Nd2 Qxc3 17. Bxh7 Nh6 18. Qxa8 Nf7 19. Qxa7 Bg5 20. Rac1 1-0

[Event "Early-Titled-Tuesday-Blitz-March-05-2024"]
[Site "Chess.com"]
[Date "2024.03.05"]
[Round "1"]
[White "Egor_Koshulyan"]
[Black "schachlana"]
[Result "1-0"]
[WhiteElo "2700"]
[BlackElo "2392"]
[TimeControl "180+1"]
[EndTime "8:05:14 PST"]
[Termination "Egor_Koshulyan won by checkmate"]

1. f4 g6 2. Nf3 Bg7 3. g3 d6 4.
Bg2 Nf6 5. O-O O-O 6. d3 Nbd7 7. e4 e5 8. Nc3 h6 9. h3 Re8 10. Be3 c6 11. Qd2 Qc7 12. fxe5 dxe5 13. Bxh6 Qb6+ 14. Kh2 Qxb2 15. Bxg7 Kxg7 16. Nh4 Qb4 17. Rf2 Re6 18. Raf1 b6 19. g4 Re7 20. Rxf6 Nxf6 21. Rxf6 Qc5 22. Rf1 Be6 23. Qg5 Rae8 24. Ne2 Qd6 25. Ng3 Qd7 26. Nh5+ Kh8 27. Qh6+ Kg8 28. Qg7# 1-0

[Event "Early-Titled-Tuesday-Blitz-March-05-2024"]
[Site "Chess.com"]
[Date "2024.03.05"]
[Round "1"]
[White "ChessFanNM"]
[Black "Kunalm64"]
[Result "0-1"]
[WhiteElo "2269"]
[BlackElo "2596"]
[TimeControl "180+1"]
[EndTime "8:05:22 PST"]
[Termination "Kunalm64 won by resignation"]

1. Nf3 Nf6 2. c4 e6 3. b3 d5 4.
e3 Be7 5. Bb2 O-O 6. d4 b6 7. Bd3 Bb7 8. O-O dxc4 9. bxc4 c5 10.
Qe2 Nc6 11. Nbd2 cxd4 12. exd4 Rc8 13. Rac1 Re8 14. Rfd1 Bd6 15. Ne5 Qc7 16. Ndf3 h6 17.
h3 Qb8 18. Bb1 Rcd8 19. Ng4 Nxg4 20. hxg4 Bf4 21. Qe4 g6 22. Ne5 Nxe5 23. Qxf4 Nf3+ 24. Qxf3 Bxf3 25. gxf3 Qf4 26. Be4 f5 0-1

[Event "Early-Titled-Tuesday-Blitz-March-05-2024"]
[Site "Chess.com"]
[Date "2024.03.05"]
[Round "1"]
[White "Pedrada88"]
[Black "LionKing2367890"]
[Result "1-0"]
[WhiteElo "2580"]
[BlackElo "2231"]
[TimeControl "180+1"]
[EndTime "8:05:22 PST"]
[Termination "Pedrada88 won by resignation"]

1. d4 Nf6 2. Nf3 e6 3. g3 c5 4. c3 Nc6 5. Bg2 cxd4 6. cxd4 d5 7. O-O Bd6 8. Nc3 O-O 9. b3 Rb8 10. Bb2 b5 11. Rc1 Bd7 12. e3 a5 13. Qe2 Nb4 14. Ne5 a4 15. a3 Nc6 16. Nxb5 Rxb5 17. Nxd7 Rxb3 18. Nxf6+ Qxf6 19. Rxc6 Rfb8 20. Rxd6 Rxb2 21. Qa6 h5 22. h4 Rd2 23. Rb6 Rxb6 24. Qxb6 Qe7 25. Qb4 Qxb4 26. axb4 Rb2 27. Rc1 Rxb4 28. Rc8+ Kh7 29. Ra8 Kg6 30. Bf1 Kf5 31. Be2 g6 32. Bd3+ Kf6 33. Kg2 e5 34. Ra6+ Ke7 35. dxe5 d4 36.
exd4 Rxd4 37. Bb5 Re4 38. Rxa4 Rxe5 39. Bc4 Rf5 40. Bb3 Kf8 41. Ra7 Kg7 42. Rb7 Rf6 43.
f3 Rf5 44. Kf2 Rf6 45. Ke3 Rf5 46. Rb4 Rf6 47. Rf4 Rxf4 48. Kxf4 f6 49. Be6 Kh6 50. Ke4 g5 51. Kf5 gxh4 52. gxh4 Kg7 53. Bd5 1-0

[Event "Early-Titled-Tuesday-Blitz-March-05-2024"]
[Site "Chess.com"]
[Date "2024.03.05"]
[Round "1"]
[White "publicaccountcze"]
[Black "WilsonPalencia21"]
[Result "0-1"]
[WhiteElo "2224"]
[BlackElo "2577"]
[TimeControl "180+1"]
[EndTime "8:05:23 PST"]
[Termination "WilsonPalencia21 won by resignation"]

1. e4 c5 2. Nf3 d6 3. d4 cxd4 4. Qxd4 Nc6 5. Bb5 Qa5+ 6. Nc3 Qxb5 7. Nxb5 Nxd4 8. Nfxd4 Kd8 9. Bg5 Nf6 10. f3 Bd7 11. Nc3 Rc8 12. O-O-O h6 13. Bh4 g5 14.
Bf2 a6 15. Nf5 Kc7 16. h4 g4 17. Bd4 e5 18. Be3 Be6 19. Na4 d5 20. Bb6+ Kb8 21. Nc5 Bxf5 22. exf5 Bxc5 23. Bxc5 Rxc5 0-1

[Event "Early-Titled-Tuesday-Blitz-March-05-2024"]
[Site "Chess.com"]
[Date "2024.03.05"]
[Round "1"]
[White "sorch29"]
[Black "Yan_Dyomin2010"]
[Result "1-0"]
[WhiteElo "2430"]
[BlackElo "2695"]
[TimeControl "180+1"]
[EndTime "8:05:25 PST"]
[Termination "sorch29 won by resignation"]

1. d4 Nf6 2. c4 g6 3. Nc3 Bg7 4. e4 d6 5. Be2 O-O 6. Be3 e5 7. d5 a5 8. g4 Na6 9. g5 Nh5 10. Bxh5 gxh5 11. Qxh5 Nc5 12. O-O-O b6 13. h4 Ba6 14.
Qe2 f5 15. g6 hxg6 16. Bxc5 bxc5 17. h5 Qg5+ 18. Kb1 Rab8 19. Nf3 Qf4 20. Rh4 Qh6 21. hxg6 Qxg6 22. Rg1 Qf6 23. Ng5 Bc8 24. Qh5 Rd8 25. Qh7+ Kf8 26. Ne6+ Bxe6 27. dxe6 c6 28. Rg6 Qe7 29.
Rh5 Qxe6 30. Rxe6 1-0

[Event "Early-Titled-Tuesday-Blitz-March-05-2024"]
[Site "Chess.com"]
[Date "2024.03.05"]
[Round "1"]
[White "mr_gustavo"]
[Black "Bkmzzzzz"]
[Result "1-0"]
[WhiteElo "2729"]
[BlackElo "2427"]
[TimeControl "180+1"]
[EndTime "8:05:26 PST"]
[Termination "mr_gustavo won by resignation"]

1. b3 d6 2. Bb2 e5 3. e3 Nd7 4. c4 g6 5. Nc3 Bg7 6. g3 f5 7.
d3 Ngf6 8. Bg2 O-O 9. Nge2 c6 10. O-O h6 11. b4 a6 12. a4 Kh7 13. b5 axb5 14. axb5 Rxa1 15. Qxa1 Nc5 16. d4 exd4 17.
Nxd4 cxb5 18. cxb5 Re8 19. Rd1 Qe7 20. Nd5 Nxd5 21.
Bxd5 Ne4 22. Nb3 Be5 23. Rc1 Be6 24. Bxe6 Qxe6 25. Rc7+ Re7 26. b6 Ng5 27. h4 Nf3+ 28. Kg2 Bxb2 29. Qxb2 Ne5 30. Nd4 Qd5+ 31. Kg1 Rg7 32.
Rxg7+ Kxg7 33. f4 Nc4 34. Nxf5+ Kf7 35. Qg7+ Ke6 36. Nd4+ 1-0

[Event "Early-Titled-Tuesday-Blitz-March-05-2024"]
[Site "Chess.com"]
[Date "2024.03.05"]
[Round "1"]
[White "Zq1"]
[Black "SidArun"]
[Result "1-0"]
[WhiteElo "2636"]
[BlackElo "2343"]
[TimeControl "180+1"]
[EndTime "8:05:26 PST"]
[Termination "Zq1 won by resignation"]

1. d4 d5 2. c4 e6 3. Nc3 c6 4. e4 dxe4 5. Nxe4 Bb4+ 6. Nc3 e5 7. Nf3 Bg4 8. dxe5 Qxd1+ 9. Kxd1 Nd7 10. Bf4 Ne7 11.
Be2 Ng6 12. Bg3 Bxf3 13. Bxf3 Ndxe5 14. Re1 O-O-O+ 15. Kc2 Nxf3 16. gxf3 Rhe8 17. a3 Bxc3 18. Kxc3 Ne7 19. Re4 Nf5 20. Rae1 Rxe4 21. fxe4 Nxg3 22.
hxg3 Kc7 23. c5 Re8 24. f4 Re6 25. g4 f6 26. b4 Kd7 27. a4 Ke7 28. b5 h5 29.
gxh5 f5 30. e5 Rh6 31. Rg1 Kf7 32. Rg5 Ke6 33. Rxg7 cxb5 34. axb5 Rxh5 35. Rxb7 Rh3+ 36. Kd4 Rf3 37. c6 Rxf4+ 38. Kc5 1-0

[Event "Early-Titled-Tuesday-Blitz-March-05-2024"]
[Site "Chess.com"]
[Date "2024.03.05"]
[Round "1"]
[White "jamengrand"]
[Black "Szparu"]
[Result "0-1"]
[WhiteElo "2442"]
[BlackElo "2782"]
[TimeControl "180+1"]
[EndTime "8:05:28 PST"]
[Termination "Szparu won by resignation"]

1. e4 e6 2. d4 d5 3. e5 c5 4. c3 Bd7 5. a3 Nc6 6. Nf3 f6 7. b4 fxe5 8. dxe5 Qc7 9. Qe2 Nge7 10. b5 Na5 11. g3 Nb3 12. Bb2 Nxa1 13. Bxa1 Nf5 14. Bh3 g6 15. O-O Be7 16. c4 d4 17.
Nbd2 O-O-O 18. Bb2 Kb8 19. a4 Bc8 20. a5 Qxa5 21. Ra1 Qc7 22. b6 Qxb6 23. Ba3 Bd7 24. Ne4 Bc6 25. Nfd2 d3 26. Qd1 Nd4 27. Nd6 Ne2+ 28.
Kf1 Bxd6 29. exd6 Rxd6 30. Rb1 Qa5 31. Ra1 Qb6 32. Rb1 Nc3 33. Rxb6 Nxd1 34. Rb3 Ba4 35. Bxc5 Rc6 36. Ra3 Rxc5 37. Rxa4 Rf8 38. f4 e5 39.
Ne4 Rxc4 0-1

[Event "Early-Titled-Tuesday-Blitz-March-05-2024"]
[Site "Chess.com"]
[Date "2024.03.05"]
[Round "1"]
[White "crazy_m_attack"]
[Black "Dyadya81"]
[Result "0-1"]
[WhiteElo "2473"]
[BlackElo "2864"]
[TimeControl "180+1"]
[EndTime "8:05:29 PST"]
[Termination "Dyadya81 won by resignation"]

1. e4 c6 2. d4 d5 3. Nc3 dxe4 4. Nxe4 Bf5 5. Ng3 Bg6 6. h4 h6 7. Nf3 Nd7 8. h5 Bh7 9. Bd3 Bxd3 10. Qxd3 e6 11. Bd2 Ngf6 12. O-O-O Be7 13. Ne4 a5 14. Kb1 a4 15. a3 O-O 16. g4 Nxg4 17. Qe2 f5 18.
Nc3 Rf7 19. Rdg1 Qb6 20. Ka2 Bf6 21. Qxe6 Nxf2 22. Rh2 Ng4 23. Re2 Bxd4 24. Nxd4 Qxd4 25. Rf1 Nf8 0-1

[Event "Early-Titled-Tuesday-Blitz-March-05-2024"]
[Site "Chess.com"]
[Date "2024.03.05"]
[Round "1"]
[White "Practical-Play"]
[Black "PattyCastillo"]
[Result "1-0"]
[WhiteElo "2535"]
[BlackElo "2015"]
[TimeControl "180+1"]
[EndTime "8:05:30 PST"]
[Termination "Practical-Play won by checkmate"]

1. d4 d5 2. c4 c6 3. e4 dxe4 4. Nc3 Nf6 5. f3 exf3 6. Nxf3 e6 7. Bd3 Be7 8. O-O O-O 9. Qe1 Nbd7 10. Qh4 g6 11. Bh6 Re8 12. Ng5 Nf8 13. Bxf8 Kxf8 14.
Qh6+ Kg8 15. Nce4 Qxd4+ 16. Kh1 Bf8 17. Nxf6+ Qxf6 18. Qxh7# 1-0

[Event "Early-Titled-Tuesday-Blitz-March-05-2024"]
[Site "Chess.com"]
[Date "2024.03.05"]
[Round "1"]
[White "chess123456s"]
[Black "Penafiel-Josselyne02"]
[Result "1-0"]
[WhiteElo "2539"]
[BlackElo "2065"]
[TimeControl "180+1"]
[EndTime "8:05:32 PST"]
[Termination "chess123456s won on time"]

1. e4 c5 2. Nf3 d6 3. Nc3 Nf6 4. d4 cxd4 5. Nxd4 Nc6 6. Bg5 Bd7 7. Qd2 Nxd4 8. Qxd4 Qa5 9. h4 Rc8 10. Be2 h6 11. Bd2 e5 12. Qd3 Qc7 13. a3 a6 14. f3 b5 15. g4 Be7 16. O-O-O Be6 17. g5 Nh5 18. gxh6 gxh6 19. Rdg1 Qc4 20. Qe3 Qc5 21.
Kb1 Qxe3 22. Bxe3 Bf6 23. a4 b4 24. Nd5 Bxd5 25. exd5 a5 26. Bb5+ Ke7 27. Bb6 Nf4 28.
Rd1 1-0

[Event "Early-Titled-Tuesday-Blitz-March-05-2024"]
[Site "Chess.com"]
[Date "2024.03.05"]
[Round "1"]
[White "TigrVShlyape"]
[Black "AttilaTurzo"]
[Result "1-0"]
[WhiteElo "2876"]
[BlackElo "2476"]
[TimeControl "180+1"]
[EndTime "8:05:36 PST"]
[Termination "TigrVShlyape won by resignation"]

1. e4 c5 2. Nf3 d6 3. d4 cxd4 4. Nxd4 Nf6 5. Nc3 a6 6. a4 e5 7. Nf3 h6 8. Bc4 Be7 9. O-O O-O 10. Qe2 Be6 11. Bb3 Nc6 12. Rd1 Qc7 13. Be3 Na5 14.
Nd5 Nxd5 15. Bxd5 Nc4 16. c3 Rac8 17. h3 Rfd8 18. Rd3 b5 19. axb5 axb5 20. Ra7 Nxe3 21.
Rxc7 Rxc7 22. Qxe3 Rb8 23. Rd1 Bf8 24. Bxe6 fxe6 25. Ra1 b4 26. Ra7 bxc3 27. bxc3 Rxa7 28. Qxa7 Rc8 29. Qd7 Rxc3 30. Qxe6+ Kh7 31. Nh4 Rc7 32. Ng6 1-0

[Event "Early-Titled-Tuesday-Blitz-March-05-2024"]
[Site "Chess.com"]
[Date "2024.03.05"]
[Round "1"]
[White "JSPrepz"]
[Black "Arteler"]
[Result "1-0"]
[WhiteElo "2868"]
[BlackElo "2475"]
[TimeControl "180+1"]
[EndTime "8:05:39 PST"]
[Termination "JSPrepz won by checkmate"]

1. e4 e6 2. d4 d5 3. Nc3 Nf6 4. Bg5 Be7 5. e5 Nfd7 6. h4 h6 7. Bxe7 Qxe7 8. f4 a6 9. Nf3 c5 10. Qd2 Nc6 11. a3 b5 12. dxc5 Qxc5 13. Bd3 Bb7 14. b4 Qe7 15. O-O O-O 16. Rae1 Nb6 17. f5 exf5 18. Bxf5 Rfe8 19. e6 Kh8 20. Qf2 Nc4 21.
Nxd5 Qf8 22. Nc7 fxe6 23. Bg6 Rec8 24. Nxa8 Bxa8 25. Rxe6 Nxa3 26. Rfe1 Kg8 27. Re8 Rxe8 28. Rxe8 Nxb4 29. Rxf8+ Kxf8 30. Qc5+ Kg8 31. Qc8# 1-0

[Event "Early-Titled-Tuesday-Blitz-March-05-2024"]
[Site "Chess.com"]
[Date "2024.03.05"]
[Round "1"]
[White "Sina_Movahed"]
[Black "elmusmolamas"]
[Result "1-0"]
[WhiteElo "3034"]
[BlackElo "2515"]
[TimeControl "180+1"]
[EndTime "8:05:40 PST"]
[Termination "Sina_Movahed won by resignation"]

1. Nf3 d5 2. c4 d4 3. b4 f6 4. e3 e5 5. c5 dxe3 6. fxe3 Be6 7. Nc3 a5 8. d4 axb4 9. Ne4 Bd5 10. Ng3 Nc6 11. e4 Bxa2 12. d5 Bxc5 13. Bb5 Kf8 14. Qe2 Bxd5 15. Rxa8 Qxa8 16. exd5 Nd4 17. Nxd4 Bxd4 18.
Nf5 Bc3+ 19. Kf2 g6 20. Nh6 Bd4+ 21. Kg3 Qa3+ 22. Bxa3 1-0

[Event "Early-Titled-Tuesday-Blitz-March-05-2024"]
[Site "Chess.com"]
[Date "2024.03.05"]
[Round "1"]
[White "dealshark"]
[Black "volodja49"]
[Result "0-1"]
[WhiteElo "2312"]
[BlackElo "2619"]
[TimeControl "180+1"]
[EndTime "8:05:41 PST"]
[Termination "volodja49 won by resignation"]

1. Nf3 d5 2. e3 Nf6 3. c4 e6 4.
Nc3 c5 5. cxd5 Nxd5 6. b3 Be7 7. Bb2 O-O 8. Qb1 Nc6 9. h4 Nxc3 10. Bxc3 Bf6 11. Ng5 g6 12. Nxh7 Kxh7 13. h5 Kg7 14. hxg6 fxg6 15. e4 Bxc3 16. dxc3 Qf6 17. Qc2 e5 18.
Qd2 Qf4 19. Qc2 Bg4 20. g3 Qf3 21. Rh4 Rad8 22. Rh2 Rd6 23. Qc1 Rfd8 24. Qh6+ Kf6 25. Qh4+ Ke6 26. Bc4+ Kd7 27. Qxg4+ Qxg4 0-1

[Event "Early-Titled-Tuesday-Blitz-March-05-2024"]
[Site "Chess.com"]
[Date "2024.03.05"]
[Round "1"]
[White "ACollins05"]
[Black "Viktor_Poddubnyi"]
[Result "1-0"]
[WhiteElo "2592"]
[BlackElo "2265"]
[TimeControl "180+1"]
[EndTime "8:05:41 PST"]
[Termination "ACollins05 won by resignation"]

1. d4 g6 2. Nf3 Bg7 3. e3 Nf6 4. b3 O-O 5. Bb2 d6 6. Be2 Nc6 7. O-O Nd7 8. c4 e5 9. Nc3 exd4 10. exd4 h6 11. Re1 g5 12. Bd3 Nxd4 13. Nxd4 Bxd4 14.
Qh5 Bg7 15. h4 Ne5 16. Be2 Bf5 17. hxg5 Qxg5 18. Qxg5 hxg5 19. Nd5 Bg6 20. Nxc7 Rac8 21. Nd5 Nf3+ 22. Bxf3 Bxb2 23. Ne7+ Kg7 24. Nxc8 Bxa1 25.
Rxa1 Rxc8 26. Bxb7 Re8 27. Bf3 Kf8 28. Rd1 Ke7 29.
Re1+ Kd8 30. Rxe8+ Kxe8 31. Kf1 Kd8 32. Ke1 Bb1 33.
Kd2 Bxa2 34. Kc2 1-0

[Event "Early-Titled-Tuesday-Blitz-March-05-2024"]
[Site "Chess.com"]
[Date "2024.03.05"]
[Round "1"]
[White "ReinisUz"]
[Black "Brave_spirit12"]
[Result "0-1"]
[WhiteElo "2412"]
[BlackElo "2709"]
[TimeControl "180+1"]
[EndTime "8:05:44 PST"]
[Termination "Brave_spirit12 won by resignation"]

1. c4 c5 2. Nc3 Nc6 3. g3 g6 4. Bg2 Bg7 5. e4 d6 6. Nge2 Nf6 7. O-O O-O 8. d3 Re8 9. Rb1 Nd7 10. a3 Nf8 11. b4 Ne6 12. h3 Ned4 13. Nxd4 Nxd4 14.
Ne2 b6 15. Nxd4 Bxd4 16. Bb2 Bxb2 17. Rxb2 Bb7 18. f4 e6 19. Rbf2 cxb4 20. axb4 a5 21.
f5 exf5 22. exf5 Bxg2 23. fxg6 hxg6 24. Kxg2 Ra7 25. Qa1 Qa8+ 26. Kh2 axb4 27. Qd4 Ra2 28. Qxb6 Ree2 29. Rxe2 Rxe2+ 30. Rf2 Rxf2+ 31. Qxf2 b3 32. Qb6 Qa2+ 33. Kg1 b2 0-1

[Event "Early-Titled-Tuesday-Blitz-March-05-2024"]
[Site "Chess.com"]
[Date "2024.03.05"]
[Round "1"]
[White "Msb2"]
[Black "losersgame"]
[Result "1-0"]
[WhiteElo "3036"]
[BlackElo "2516"]
[TimeControl "180+1"]
[EndTime "8:05:48 PST"]
[Termination "Msb2 won on time"]

1. d4 Nf6 2. c4 Nc6 3. Nf3 e6 4. Nc3 Bb4 5. Bd2 d6 6. Qc2 O-O 7. a3 Bxc3 8. Bxc3 Re8 9. Rd1 Qe7 10. d5 Nb8 11. e3 e5 12. Be2 Bg4 13. O-O c6 14. h3 Bh5 15. dxc6 Nxc6 16. b4 Rac8 17.
b5 Nb8 18. Bb4 Red8 19. Nh4 Bg6 20. Nxg6 hxg6 21. Bf3 b6 22. Qb3 Ne8 23. Rd2 Nd7 24.
Bg4 Rc7 25. Bxd7 Rdxd7 26. Rfd1 Qe6 27. Rd5 Rc8 28. a4 f6 29. Qd3 Rdc7 30. Rc1 g5 31. a5 bxa5 32. Bxa5 Rd7 33. Bb4 Kf7 34. c5 1-0

[Event "Early-Titled-Tuesday-Blitz-March-05-2024"]
[Site "Chess.com"]
[Date "2024.03.05"]
[Round "1"]
[White "jaskol95"]
[Black "cristiano78"]
[Result "1-0"]
[WhiteElo "2581"]
[BlackElo "2243"]
[TimeControl "180+1"]
[EndTime "8:05:48 PST"]
[Termination "jaskol95 won by resignation"]

1. e4 c5 2. Nf3 d6 3. Bb5+ Bd7 4. c4 a6 5. Bxd7+ Qxd7 6. Nc3 Nc6 7. d3 g6 8. O-O Bg7 9. Re1 Nf6 10. Nd5 Nxd5 11.
exd5 Ne5 12. Bf4 Nxf3+ 13. Qxf3 O-O 14. Rab1 b5 15. Bg5 e5 16. dxe6 fxe6 17. Qg4 Rae8 18. Re2 Bd4 19. Rbe1 Qf7 20. Qg3 d5 21. Bh6 Bg7 22.
Bxg7 Kxg7 23. Qe5+ Qf6 24. cxd5 Qxe5 25. Rxe5 Rf4 26. dxe6 Rd4 27. Rxc5 Rxd3 28. Rc7+ Kf6 29. Rf7+ Kg5 30. e7 h6 31. Rf8 Rxe7 32. h4+ 1-0

[Event "Early-Titled-Tuesday-Blitz-March-05-2024"]
[Site "Chess.com"]
[Date "2024.03.05"]
[Round "1"]
[White "GilbertoHernandezAmura"]
[Black "marcodobrikov"]
[Result "0-1"]
[WhiteElo "2438"]
[BlackElo "2780"]
[TimeControl "180+1"]
[EndTime "8:05:51 PST"]
[Termination "marcodobrikov won by resignation"]

1. d4 Nf6 2. Bg5 d5 3. Bxf6 exf6 4. g3 Bd6 5. Bg2 O-O 6. e3 f5 7. Ne2 c6 8. Nd2 a5 9. c4 dxc4 10. Nxc4 Bc7 11. a4 Be6 12. Qc2 Na6 13. Qc3 b5 14. axb5 cxb5 15. Nxa5 b4 16. Qc6 Ra7 17. Nb7 Qa8 18.
O-O Bb8 19. Qb6 Nc7 20. Rac1 Nd5 21. Bxd5 Bxd5 22. Nc5 Bg2 23. Rfe1 Bh1 24. e4 Bxe4 25. Nxe4 fxe4 26. Nf4 Bxf4 27. gxf4 Ra6 28. Qxb4 Rg6+ 29.
Kf1 e3 30. Rxe3 Qh1+ 31. Ke2 Qxc1 0-1

[Event "Early-Titled-Tuesday-Blitz-March-05-2024"]
[Site "Chess.com"]
[Date "2024.03.05"]
[Round "1"]
[White "rdarruda"]
[Black "DonJuanEGenaro"]
[Result "1-0"]
[WhiteElo "2531"]
[BlackElo "1971"]
[TimeControl "180+1"]
[EndTime "8:05:52 PST"]
[Termination "rdarruda won by resignation"]

1. Nf3 d5 2. d4 Nf6 3. c4 e6 4. e3 c5 5. Nc3 Nc6 6. cxd5 exd5 7.
Be2 c4 8. O-O Bd6 9. b3 cxb3 10.
axb3 Bg4 11. Ba3 h5 12. Bxd6 Qxd6 13. h3 Bxf3 14. Bxf3 g5 15. g3 g4 16. hxg4 h4 17.
Kg2 hxg3 18. fxg3 O-O-O 19. g5 Nh7 20. Bxd5 Nxg5 21. Qg4+ Ne6 22. Rxf7 Rde8 23. Bxe6+ Kb8 24. Bd5 Rxe3 25. Rc1 Rxc3 26. Rxc3 Qxd5+ 27. Qf3 Qxd4 28. Qf4+ Qxf4 29. gxf4 a5 30. Rg3 Rd8 31. Rgg7 1-0

[Event "Early-Titled-Tuesday-Blitz-March-05-2024"]
[Site "Chess.com"]
[Date "2024.03.05"]
[Round "1"]
[White "MaxLeto"]
[Black "BlueWizzard"]
[Result "0-1"]
[WhiteElo "2479"]
[BlackElo "2890"]
[TimeControl "180+1"]
[EndTime "8:05:53 PST"]
[Termination "BlueWizzard won on time"]

1. g4 g6 2. Bg2 Bg7 3. d4 e5 4. dxe5 Nc6 5. Bxc6 bxc6 6. Nf3 Qe7 7. Nc3 Rb8 8. Qd4 c5 9. Qa4 Bxe5 10. Qxa7 Bxc3+ 11. bxc3 Rb7 12. Qa8 Kd8 13. Bg5 f6 14. Be3 Qe4 15. O-O Ne7 16. Bxc5 Nd5 17. Rfe1 Re8 18. Bd4 Re6 19.
a3 Nf4 20. Kf1 Qxc2 21. a4 Rxe2 22. Ng1 Rxe1+ 23. Rxe1 Qd3+ 24. Ne2 Qh3+ 0-1

[Event "Early-Titled-Tuesday-Blitz-March-05-2024"]
[Site "Chess.com"]
[Date "2024.03.05"]
[Round "1"]
[White "tandaleo"]
[Black "Byniolus"]
[Result "0-1"]
[WhiteElo "2456"]
[BlackElo "2814"]
[TimeControl "180+1"]
[EndTime "8:05:53 PST"]
[Termination "Byniolus won by resignation"]

1. e4 d6 2. d4 Nf6 3. Nc3 c6 4. Be3 Qb6 5. Qc1 Ng4 6. Nf3 Nxe3 7. fxe3 e6 8. e5 Nd7 9. exd6 Bxd6 10. Bd3 O-O 11. O-O e5 12. Ne4 Bc7 13. Ng3 c5 14.
d5 g6 15. c4 f5 16. Ng5 Nf6 17. e4 f4 18. Ne2 Ng4 19. Qc3 Qf6 20. Nf3 Bd6 21. a3 g5 22. b4 b6 23. Nc1 Ne3 24. Rf2 g4 25. Ne1 Qh4 26. Nc2 Qxf2+ 27. Kxf2 Nd1+ 28.
Ke1 Nxc3 29. Kd2 Na4 0-1

[Event "Early-Titled-Tuesday-Blitz-March-05-2024"]
[Site "Chess.com"]
[Date "2024.03.05"]
[Round "1"]
[White "NewYearGirl"]
[Black "Alonmindlin"]
[Result "0-1"]
[WhiteElo "2362"]
[BlackElo "2660"]
[TimeControl "180+1"]
[EndTime "8:05:55 PST"]
[Termination "Alonmindlin won by resignation"]

1. e4 g6 2. d4 Bg7 3. Nc3 d6 4. f4 Nf6 5. Nf3 O-O 6. e5 dxe5 7. fxe5 Nd5 8. Bc4 Nxc3 9. bxc3 c5 10. O-O Nc6 11. Be3 cxd4 12. cxd4 Bf5 13. c3 Rc8 14.
Bb3 Na5 15. Qd2 Nc4 16. Qf2 b5 17. a4 a6 18. axb5 axb5 19. Ra7 Na5 20. Ba2 Rxc3 21.
Bd2 Nc6 22. Bxc3 Nxa7 23. Ng5 e6 24. d5 Qxg5 25. Qxa7 Be4 26. g3 Bxd5 27. Bxd5 exd5 28. Bb4 Rc8 29. Qxf7+ Kh8 30. e6 Qe3+ 31. Rf2 Bd4 32. e7 Qxf2+ 33. Qxf2 Bxf2+ 34. Kxf2 Kg7 35. Ke3 Kf7 36.
Bd6 Rc6 37. Bb4 Re6+ 38. Kd4 Re4+ 39. Kc5 Rxb4 40. Kxb4 d4 41. Kc5 d3 42. Kd6 Ke8 0-1